 Dungeon Crawl Stone Soup version 0.26-a0-812-g31a745ddcd (webtiles) character file.

Game seed: 6570244324964384388

227 Flubbersnuff the Chopper (level 5, 0/47 HPs)
             Began as a Minotaur Berserker on Dec 6, 2020.
             Was a Priest of Trog.
             Slain by a gnoll
             ... wielding a +0 spear
              (2 damage)
             ... on level 3 of the Dungeon.
             The game lasted 00:07:11 (3412 turns).

Flubbersnuff the Chopper (Minotaur Berserker)       Turns: 3412, Time: 00:07:11

Health: 0/47       AC:  3    Str: 23    XL:     5   Next: 70%
Magic:  4/4        EV: 13    Int:  4    God:    Trog [***...]
Gold:   205        SH:  0    Dex:  9    Spells: 4/4 levels left

rFire    . . .     SeeInvis .   a - +0 hand axe
rCold    . . .     Faith    .   (no shield)
rNeg     . . .     Spirit   .   l - +0 leather armour
rPois    .         Reflect  .   (helmet restricted)
rElec    .         Harm     .   (no cloak)
rCorr    .         Rampage  .   (no gloves)
MR       .....                  (no boots)
Stlth    +.........             (no amulet)
HPRegen  0.15/turn              (no ring)
MPRegen  0.09/turn              (no ring)

@: berserk cooldown, slowed, very slow
A: retaliatory headbutt, horns 2
a: Berserk, Trog's Hand, Renounce Religion


You were on level 3 of the Dungeon.
You worshipped Trog.
Trog was most pleased with you.
You visited 1 branch of the dungeon, and saw 3 of its levels.

You collected 205 gold pieces.

Inventory:

Hand Weapons
 a - a +0 hand axe (weapon)
Armour
 l - a +0 leather armour (worn)
Jewellery
 n - an uncursed ring of magical power {unknown}
Scrolls
 c - 2 scrolls of blinking {unknown}
 d - 2 scrolls of identify {unknown}
 h - a scroll of fear {unknown}
 i - a scroll of immolation {unknown}
 k - a scroll of teleportation {unknown}
 r - a scroll of remove curse {unknown}
 s - a scroll of enchant weapon {unknown}
Potions
 b - a potion of cancellation {unknown}
 e - 5 potions of curing {unknown}
 f - 2 potions of haste {unknown}
 g - 2 potions of mutation {unknown}
 j - a potion of degeneration {unknown}
 m - a potion of magic {unknown}
 o - a potion of might {unknown}
 p - a potion of flight {unknown}
 q - 2 potions of invisibility {unknown}


   Skills:
 + Level 4.7 Fighting
 * Level 5.6 Axes
 + Level 3.9 Armour
 + Level 3.5 Dodging


You had 4 spell levels left.
You didn't know any spells.
Your spell library was empty.

Dungeon Overview and Level Annotations

Branches:
Dungeon (3/15)

Altars:
Trog


Innate Abilities, Weirdness & Mutations

You reflexively headbutt those who attack you in melee.
You have a pair of horns on your head.


Message History

You closely miss the gnoll. Your headbutt misses the gnoll.
The gnoll is moderately wounded.
The gnoll hits you with a +0 halberd.
* * * LOW HITPOINT WARNING * * *
The gnoll hits you but does no damage.
You hit the gnoll. You headbutt the gnoll.
You kill the gnoll!
Trog accepts your kill.
You feel a strong urge to attack something.
You are no longer berserk.
You are exhausted.
You feel yourself slow down.
A ball python comes into view.
The gnoll hits you from afar with a +0 spear.
* * * LOW HITPOINT WARNING * * *
The gnoll completely misses you.
You slash the gnoll! Your headbutt misses the gnoll.
The gnoll is heavily wounded.
The gnoll hits you with a +0 spear.
You die...

..#.... # #. #.#... # #.#
#.#..# # #.# #.#..# # #.#
#.#..######## # #######.#
#.#.........# # ....S...#
#.#.........# #
.....S..#########.#....######.#
.............g@...............#
........#########.#....########
......))# #.#...........#
.......g. #.####........#
###....... #.# #........#
#........ #.# #........#
#......... #.# #........#
########### #.# #........#
####..)รท#####


You could see a gnoll.

Vanquished Creatures
  An orc priest (D:2)
  An orc wizard (D:3)
  3 gnolls
  4 adders (D:2)
  An ooze (D:1)
  4 dart slugs
  2 leopard geckos (D:2)
  6 orcs
  3 giant cockroaches
  10 goblins
  12 hobgoblins
  A jackal (D:1)
  A quokka (D:2)
  A ball python (D:2)
  5 bats
  15 frilled lizards
  9 kobolds
  12 rats
91 creatures vanquished.

Vanquished Creatures (others)
  7 plants (D:2)
7 creatures vanquished.

Grand Total: 98 creatures vanquished

Notes
Turn   | Place    | Note
-------+----------+-------------------------------------------
     0 | D:1      | Flubbersnuff the Minotaur Berserker began the quest for the
                  | Orb.
     0 | D:1      | Reached XP level 1. HP: 19/19 MP: 0/0
   161 | D:1      | Reached XP level 2. HP: 15/27 MP: 1/1
   169 | D:1      | Reached skill level 4 in Axes
   508 | D:1      | Reached XP level 3. HP: 11/33 MP: 2/2
   857 | D:1      | Reached ** piety under Trog
  1610 | D:2      | Reached XP level 4. HP: 40/40 MP: 3/3
  1622 | D:2      | Found a faded altar of an unknown god.
  2550 | D:2      | Reached skill level 5 in Axes
  2596 | D:2      | Reached *** piety under Trog
  2750 | D:2      | Reached XP level 5. HP: 36/47 MP: 4/4
  2970 | D:3      | Found a bloodstained altar of Trog.
  3401 | D:3      | HP: 3/70 [gnoll/+0 halberd (2)]
  3409 | D:3      | HP: 1/47 [gnoll/+0 spear (2)]
  3412 | D:3      | Slain by a gnoll

Illustrated notes

Levels and vault maps discovered:
D:1:      evilmike_arrival_hilbert_curve, layout_basic, minmay_split_cup_small
D:2:      layout_basic, chequers_ecumenical_altar_grove, minmay_lizard_king
D:3:      layout_basic, grunt_ministairs_8, trog_hazing_becter

Skill      XL: |  1  2  3  4 |
---------------+-------------+-----
Axes           | 4 5 |  5.6
Fighting       | 4 |  4.7
Armour         | 3 |  3.9
Dodging        | 3 |  3.5

Action                   |  1- 3 |  4- 6 || total
-------------------------+-------+-------++-------
Melee: Hand axe          |    79 |   111 ||   190
       Headbutt          |     6 |    20 ||    26
Invok: Berserk           |     1 |     1 ||     2
Armor: Animal skin       |    20 |       ||    20
       Leather armour    |     1 |    15 ||    16
Dodge: Dodged            |    48 |    93 ||   141

Table legend: (Time is in decaauts)
 A = Elapsed time spent in this place.
 B = Non-inter-level travel time spent in this place.
 C = Inter-level travel time spent in this place.
 D = Time resting spent in this place.
 E = Time spent auto-exploring this place.
 F = Levels seen in this place.
 G = Mean time per level.
                   A        B        C        D        E       F      G
               +--------+--------+--------+--------+--------+-----+--------+
         Total |   3441 |   3271 |    170 |    928 |   1786 |   3 | 1147.0 |
       Dungeon |   3441 |   3271 |    170 |    928 |   1786 |   3 | 1147.0 |
               +--------+--------+--------+--------+--------+-----+--------+

Top non-repeatable levels by time:
     D:1: 1469 daAuts
     D:2: 1394 daAuts
     D:3: 578 daAuts
